 Dungeon Crawl Stone Soup version 0.31-a0-198-g2ad674f65e (webtiles) character file.

Game seed: 15132238775080903831

277 qw the Skirmisher (level 6, -1/35 HPs)
             Began as a Deep Elf Hunter on June 25, 2023.
             Slain by an orc
             ... wielding a +0 trident
              (5 damage)
             ... on level 5 of the Dungeon.
             The game lasted 00:00:59 (3138 turns).

qw the Skirmisher (Deep Elf Hunter)                 Turns: 3138, Time: 00:01:00

Health: -1/35      AC:  9    Str: 10    XL:     6   Next: 4%
Magic:  8/8        EV: 11    Int: 14    God:
Gold:   175        SH:  0    Dex: 18    Spells: 5/5 levels left

rFire   . . .        Y - +3 shortbow
rCold   . . .        (shield currently unavailable)
rNeg    . . .        a - +0 ring mail
rPois   .            (no helmet)
rElec   .            c - +2 cloak
rCorr   +            (no gloves)
SInv    .            h - +0 pair of boots
Will    .....        (no amulet) Stlth
                     e - ring of resist corrosion
HPRegen 0.25/turn    (no ring)
MPRegen 0.11/turn

%: no passive effects
@: confused
A: no striking features
a: no special abilities


You were on level 5 of the Dungeon.
You visited 1 branch of the dungeon, and saw 5 of its levels.

You collected 301 gold pieces.
You spent 126 gold pieces at shops.


   Skills:
 - Level 2.1 Fighting
 - Level 9.2 Ranged Weapons
 + Level 0.9 Armour
 - Level 2.4 Dodging
 - Level 1.2 Stealth


You had 5 spell levels left.
You didn't know any spells.
Your spell library was empty.

Inventory:

Hand Weapons
 Y - a +3 shortbow (weapon)
Armour
 a - a +0 ring mail (worn)
 c - a +2 cloak (worn)
 h - a +0 pair of boots (worn)
Jewellery
 e - a ring of resist corrosion (left hand)
 g - a ring of fire
Scrolls
 k - a scroll of identify
Potions
 d - a potion of mutation

Dungeon Overview and Level Annotations

Branches:
Dungeon (5/15)
 Temple: D:4-7

Altars:
Ashenzari
Elyvilon
Qazlal
Trog

Shops:
D:3 ?

Annotations:
D:3 3 runed translucent doors, qw's ghost, amateur DEHu
D:5 Edmund


Message History

The arrow hits the orc priest!
The orc priest is heavily wounded.
You shoot an arrow. The arrow hits the orc priest.
The orc priest is severely wounded.
The orc priest miscasts a cantrip.
You shoot an arrow.
The arrow closely misses the orc priest.
The arrow hits the orc!
You kill the orc!
You shoot an arrow. The arrow hits the orc priest.
You kill the orc priest!
The orc misses you. The orc hits you but does no damage.
The orc wizard mumbles some strange words.
The orc wizard flickers and vanishes!
Deactivating autopickup; reactivate with Ctrl-A.
Your Fighting skill increases to level 2!
You shoot an arrow. The arrow hits the orc priest!
The orc priest is heavily wounded.
The orc priest hits you with a +0 mace. The orc barely misses you.
You shoot an arrow. The arrow hits the orc priest.
The orc priest is almost dead.
The orc priest hits you with a +0 mace.
The orc hits you from afar with a +0 trident.
You shoot an arrow. The arrow hits the orc priest.
You kill the orc priest!
A magic dart appears from out of thin air!
The magic dart hits you. The orc hits you but does no damage.
You have reached level 6!
You shoot an arrow. The arrow barely misses the orc.
You hear some strange, mumbled words.
You are confused.
The orc hits you from afar with a +0 trident.
The orc barely misses you. Something hits you but does no damage.
The orc closely misses you. Something hits you but does no damage.
The orc closely misses you. Something hits you but does no damage.
The orc hits you but does no damage.
You hear some strange, mumbled words.
Something tries to affect you, but you resist.
The orc hits you from afar with a +0 trident.
You die...

#.........#
+.......?$+ .
......... # ....... #
~# .)... ####### ..+
.o. #..#..#..~# #{#
#..#..#..~# #@#
...#.....~######.#
...#.....~#......##
..¤.....¤¤#####...##
~~¤.~~~¤¤¤##.......#
###'########......####
#.##.##.##...........
#.##..........#######
#.......#######


You could see an orc.

Vanquished Creatures
  A hound (D:5)
  2 orc priests (D:5)
  A jelly (D:5)
  An iguana (D:4)
  A sleepcap (D:5)
  4 adders
  2 dart slugs
  7 orcs
  6 ball pythons
  7 endoplasms
  2 giant cockroaches
  4 goblins
  2 hobgoblins
  2 jackals (D:3)
  4 kobolds
  5 quokkas
  3 bats
  A frilled lizard (D:3)
  4 rats
59 creatures vanquished.

Notes
Turn   | Place    | Note
-------+----------+-------------------------------------------
     0 | D:1      | qw the Deep Elf Hunter began the quest for the Orb.
     0 | D:1      | Reached XP level 1. HP: 12/12 MP: 3/3
     0 | D:1      | 0 ||| qw: Version: 0.3-a-22-g0ed2b0b
     0 | D:1      | 0 ||| qw: Game counter: 4865
     0 | D:1      | 0 ||| qw: Melee chars always use a shield: true
     0 | D:1      | 0 ||| qw: God list: Okawaru
     0 | D:1      | 0 ||| qw: Allow faded altars: false
     0 | D:1      | 0 ||| qw: Do Orc after clearing Dungeon:15 true
     0 | D:1      | 0 ||| qw: Do second Lair branch before Depths: true
     0 | D:1      | 0 ||| qw: Lair rune preference: random
     0 | D:1      | 0 ||| qw: Goals: Normal
     0 | D:1      | 0 ||| PLANNING D:1-11
    10 | D:1      | You fall into a shaft and drop 1 floor!
    32 | D:2      | 32 ||| READING scroll labelled RAXUUGG KAPEO.
   133 | D:2      | 133 ||| DROPPING scroll of butterflies.
   423 | D:1      | 423 ||| UPGRADING to +0 ring mail.
   433 | D:1      | 433 ||| DROPPING +0 leather armour.
   502 | D:1      | Reached skill level 6 in Ranged Weapons
   502 | D:1      | Reached XP level 2. HP: 16/16 MP: 4/4
   908 | D:1      | 908 ||| UPGRADING to +0 cloak.
  1077 | D:2      | Found a broken altar of Ashenzari.
  1127 | D:2      | Reached XP level 3. HP: 9/20 MP: 5/5
  1131 | D:2      | HP: 5/20 [poisoned by an adder]
  1446 | D:2      | 1446 ||| READING scroll labelled XUS BEFFAWNEGGACI.
  1447 | D:2      | 1447 ||| READING scroll labelled GITHRO IKOGESA.
  1451 | D:2      | 1451 ||| READING scroll labelled NEQYTUFOLI.
  1452 | D:2      | 1452 ||| DRINKING 2 lumpy cyan potions.
  1453 | D:2      | 1453 ||| DROPPING potion of degeneration.
  1480 | D:3      | Reached skill level 7 in Ranged Weapons
  1610 | D:3      | Found a runed translucent gate.
  1610 | D:3      | Found a runed translucent gate.
  1617 | D:3      | Found a runed translucent gate.
  1723 | D:3      | Found a bloodstained altar of Trog.
  1768 | D:3      | Noticed qw's ghost (amateur DEHu)
  1794 | D:3      | Reached XP level 4. HP: 25/25 MP: 6/6
  2034 | D:3      | Found Milukosh's Magic Scroll Shop.
  2039 | D:3      | 2039 ||| BUYING scroll of enchant armour (82 gold).
  2039 | D:3      | Bought a scroll of enchant armour for 82 gold pieces
  2039 | D:3      | 2039 ||| BUYING scroll of identify (22 gold).
  2039 | D:3      | Bought a scroll of identify for 22 gold pieces
  2039 | D:3      | 2039 ||| BUYING scroll of identify (22 gold).
  2039 | D:3      | Bought a scroll of identify for 22 gold pieces
  2039 | D:3      | 2039 ||| SHOPLISTING scroll of teleportation (33 gold, have
                  | 9).
  2039 | D:3      | 2039 ||| READING 2 scrolls of enchant armour.
  2039 | D:3      | 2039 ||| ENCHANTING +0 cloak.
  2040 | D:3      | 2040 ||| READING scroll of enchant armour.
  2040 | D:3      | 2040 ||| ENCHANTING +1 cloak.
  2088 | D:3      | 2088 ||| UPGRADING to +0 pair of boots.
  2093 | D:3      | 2093 ||| READING 2 scrolls labelled PEXTUOTRAI.
  2094 | D:3      | 2094 ||| READING scroll of enchant weapon.
  2094 | D:3      | 2094 ||| ENCHANTING +1 shortbow.
  2095 | D:3      | 2095 ||| READING 4 scrolls of identify.
  2095 | D:3      | 2095 ||| IDENTIFYING bubbling ruby potion
  2096 | D:3      | 2096 ||| READING 3 scrolls of identify.
  2096 | D:3      | 2096 ||| IDENTIFYING smoky cyan potion
  2097 | D:3      | 2097 ||| READING 2 scrolls of identify.
  2097 | D:3      | 2097 ||| IDENTIFYING black potion
  2098 | D:3      | 2098 ||| DROPPING potion of magic.
  2193 | D:4      | Found a white marble altar of Elyvilon.
  2521 | D:4      | 2521 ||| READING scroll of enchant weapon.
  2521 | D:4      | 2521 ||| ENCHANTING +2 shortbow.
  2564 | D:4      | Reached skill level 8 in Ranged Weapons
  2746 | D:4      | Found a stormy altar of Qazlal.
  2747 | D:4      | 2747 ||| UPGRADING to ring of resist corrosion.
  2748 | D:4      | 2748 ||| READING scroll labelled KOFFUPH WEUGUS.
  2749 | D:4      | 2749 ||| READING 2 scrolls of identify.
  2749 | D:4      | 2749 ||| IDENTIFYING fizzy emerald potion
  2750 | D:4      | 2750 ||| DROPPING potion of attraction.
  2806 | D:5      | Entered Level 5 of the Dungeon
  2996 | D:5      | Noticed Edmund
  3004 | D:5      | HP: 4/25 [Edmund/+5 flail of holy wrath (10)]
  3005 | D:5      | 3005 ||| READING scroll of teleportation.
  3006 | D:5      | 3006 ||| DRINKING 2 potions of heal wounds.
  3012 | D:5      | HP: 6/25 [sleepcap (6)]
  3013 | D:5      | 3013 ||| DRINKING potion of heal wounds.
  3020 | D:5      | Reached XP level 5. HP: 21/29 MP: 7/7
  3099 | D:5      | Reached skill level 9 in Ranged Weapons
  3133 | D:5      | Reached XP level 6. HP: 9/35 MP: 8/8
  3133 | D:5      | HP: 3/35 [orc/+0 trident (6)]
  3138 | D:5      | Slain by an orc

Levels and vault maps discovered:
D:1:      evilmike_arrival_plus, layout_basic, serial_aquarium,
          aquarium_bridge_long_joined [aquarium_subvault_bridge,
          aquarium_subvault_wall, aquarium_subvault_balcony,
          aquarium_subvault_bridge, aquarium_subvault_window,
          aquarium_subvault_bridge], aquarium_window_corridor_3,
          aquarium_window_2, aquarium_view_4, aquarium_view_2e, aquarium_pool_2,
          st_stairs_11
D:2:      layout_rooms, basic_altar
D:3:      layout_basic, trog_butcher_becter, ebering_ghost_rock_garden,
          serial_shops, shop
D:4:      layout_loops_cross, elyvilon_altar_5, nicolae_qazlal_eye_of_the_storm,
          corner_web_ring
D:5:      cheibrodos_fzero, layout_loops_corners, kennysheep_slug_shrine,
          serial_shops, nicolae_shop_waterfront, kennysheep_generic_room_16,
          uniq_blork_the_orc, uniq_edmund

Skill      XL: |  1  2  3  4  5 |
---------------+----------------+-----
Ranged Weapons | 6 7 8 9 |  9.2
Fighting       | 2 |  2.1
Armour         | |  0.9
Dodging        | |  2.4
Stealth        | |  1.2

Action                     |  1- 3 |  4- 6 || total
---------------------------+-------+-------++-------
   Fire: Shortbow          |    87 |    94 ||   181
    Use: Scroll            |     4 |    11 ||    15
         Potion            |     1 |     2 ||     3
 Armour: Ring mail         |    10 |    21 ||    31
  Dodge: Dodged            |    16 |    28 ||    44

Table legend:
 A = Non-vault XP
 B = Vault XP
 C = Vault XP percentage of total XP
 D = Non-vault monster count
 E = Vault monster count
 F = Vault count percentage of total count
                 A         B        C        D         E       F
            +---------+---------+-------+---------+---------+-------
      Total |     305 |      91 |  23.0 |      50 |       9 |  15.3
            +---------+---------+-------+---------+---------+-------
        D:1 |      19 |       7 |  26.9 |      10 |       3 |  23.1
        D:2 |      26 |       0 |   0.0 |      10 |       0 |   0.0
        D:3 |      65 |       8 |  11.0 |      15 |       4 |  21.1
        D:4 |      45 |       0 |   0.0 |       5 |       0 |   0.0
        D:5 |     150 |      76 |  33.6 |      10 |       2 |  16.7
            +---------+---------+-------+---------+---------+-------
